 Dungeon Crawl Stone Soup version 0.29-a0-409-gd843f3a48c (webtiles) character file.

Game seed: 4053305904065602101

359 trckry the Caller (level 6, -2/32 HPs)
             Began as a Tengu Summoner on May 13, 2022.
             Was a Priest of Kikubaaqudgha.
             Killed by nerve-wracking pain
             ... invoked by an orc priest
              (13 damage)
             ... on level 4 of the Dungeon.
             The game lasted 00:11:56 (4340 turns).

trckry the Caller (Tengu Summoner)                  Turns: 4340, Time: 00:11:57

Health: -2/32      AC: 19    Str:  8    XL:     6   Next: 65%
Magic:  11/12      EV: 15    Int: 18    God:    Kikubaaqudgha [***...]
Gold:   129        SH:  0    Dex: 14    Spells: 6/12 levels left

rFire   . . .      SeeInvis .   h - +7 staff of the Meek {protect, meekguard}
rCold   . . .      Faith    .   (shield currently unavailable)
rNeg    . . .      Spirit   .   i - +2 robe {Will+}
rPois   .          Reflect  .   e - +1 hat
rElec   .          Harm     .   (no cloak)
rCorr   .          Rampage  .   (no gloves)
Will    +....                   (boots unavailable)
Stlth   ++........              (no amulet)
HPRegen 0.10/turn               (no ring)
MPRegen 0.13/turn               (no ring)

@: under a protective aura, flying quickly and evasively, quick
A: beak, talons 3, nimble flight
a: Renounce Religion, Receive Corpses


You were on level 4 of the Dungeon.
You worshipped Kikubaaqudgha.
Kikubaaqudgha was most pleased with you.
You visited 1 branch of the dungeon, and saw 4 of its levels.

You collected 129 gold pieces.

Inventory:

Hand Weapons
 h - the +7 staff of the Meek (weapon) {protect, meekguard}
   (You found it on level 2 of the Dungeon)

   It grants its wielder temporary protection when it strikes (+7 to AC).
   It provides extra protection to wielders with little health.
 m - a +0 short sword of venom
Missiles
 k - 2 poisoned darts (quivered)
Armour
 e - a +1 hat (worn)
 i - a +2 robe of willpower (worn)
Scrolls
 c - 3 scrolls of identify {unknown}
 d - 2 scrolls of vulnerability {unknown}
 j - a scroll of teleportation {unknown}
 l - 2 scrolls of magic mapping {unknown}
 n - a scroll of fear {unknown}
 o - a scroll of noise {unknown}
Potions
 a - a potion of curing {unknown}
 b - a potion of magic
 f - 3 potions of flight {unknown}
 g - a potion of degeneration {unknown}
 p - a potion of heal wounds {unknown}
 q - a potion of might {unknown}


   Skills:
 - Level 2.4 Dodging
 - Level 2.2 Stealth
 + Level 3.7 Spellcasting
 * Level 7.7 Summonings
 + Level 1.8 Necromancy


You had 6 spell levels left.
You knew the following spells:

 Your Spells              Type           Power      Damage    Failure   Level
a - Summon Small Mammal   Summ           100%       N/A       1%          1
b - Call Imp              Summ           31%        N/A       1%          2
c - Call Canine Familiar  Summ           31%        N/A       1%          3

Your spell library contained the following spells:

 Spells                   Type           Power      Damage    Failure   Level
 Animate Skeleton         Necr           18%        N/A       7%          1
 Pain                     Necr           36%        1d5       7%          1
 Summon Guardian Golem    Hex/Summ       17%        N/A       10%         3
 Corpse Rot               Necr/Air       12%        N/A       16%         2
 Vampiric Draining        Necr           9%         2d6       22%         3
 Summon Lightning Spire   Summ/Air       17%        N/A       30%         4
 Conjure Flame            Conj/Fire      3%         6-21      41%         3
 Ignite Poison            Fire/Tmut/Pois 3%         N/A       41%         3
 Animate Dead             Necr           4%         N/A       56%         4
 Dispel Undead            Necr           9%         3d8       56%         4
 Anguish                  Hex/Necr       3%         N/A       71%         4
 Sticky Flame             Conj/Fire      3%         2d3       83%         4
 Excruciating Wounds      Necr           4%         N/A       89%         5
 Death Channel            Necr           4%         N/A       100%        6


Dungeon Overview and Level Annotations

Branches:
Dungeon (4/15)
 Temple: D:4-7

Altars:
Kikubaaqudgha

Shops:
D:4 (


Innate Abilities, Weirdness & Mutations

You have a beak for a mouth.
You have claws for feet.
Your magical nature lets you fly swiftly and evasively.


Message History

The orc priest shouts!
The orc closely misses you.
Your hound bites the orc.
The orc dies!
Kikubaaqudgha accepts your kill.
Things that are here:
a +0 flail; a gnoll corpse The orc priest mumbles some strange prayers to Beogh against you.
You resist with some effort.
The orc priest calls down the wrath of Beogh upon you.
Your hound writhes in agony!
Things that are here:
a +0 dagger; an orc corpse Your hound bites the orc priest. x2
Items here: ) [[ †.
You barely miss the orc priest. Your kick misses the orc priest.
You peck the orc priest, but do no damage.
The orc priest is lightly wounded.
Your hound barely misses the orc priest.
The orc priest hits you with a +0 war axe.
The orc priest hits your hound with a +0 war axe.
You take 6 damage, and have 11/32 hp.
You barely miss the orc priest. Your kick misses the orc priest.
The orc priest is lightly wounded.
Your hound bites the orc priest but does no damage.
Your hound closely misses the orc priest.
The orc priest closely misses you. The orc priest misses your hound.
The orc priest calls upon Beogh to heal the orc priest.
The orc priest's wounds heal themselves!
You sock the orc priest!
Your weapon exudes an aura of protection.
You claw the orc priest.
The orc priest is almost dead.
Your hound completely misses the orc priest.
The orc priest misses you. The orc priest misses your hound.
Your hound barely misses the orc priest.
The endoplasm hits you but does no damage.
The orc priest mumbles some strange prayers to Beogh against you.
Pain shoots through your body!
You die...
Kikubaaqudgha rasps: "You have failed me!
Welcome... death!"

...######.......#
...##...#.......# ....#
....#...+.......# ....#
....#...#.......# .....#
....'...#.......# .....#
##+##...#.......#####.....#
##.##...#######............
.........'....'))))........
.......>.#....#o@J.........
..[......#....#.oh.).......
###.....##..<.#))..........
###.....#####'##'######....
..#.....#........#....# ...
..#.....#.............# ..
..#.....#......⌠.≈≈≈..# .
..# ##...#...≈≈≈≈≈.. ..#
#...##..≈≈≈≈...


You could see 2 orc priests, an endoplasm and a friendly hound (summoned).

Vanquished Creatures
  An orc priest (D:4)
  Jessica (D:2)
  5 gnolls
  4 adders
  A worm (D:2)
  A dart slug (D:3)
  4 orcs
  2 bats (D:2)
  3 endoplasms
  A giant cockroach (D:4)
  3 hobgoblins
  4 kobolds
  3 quokkas
  4 ball pythons
  2 frilled lizards
  4 goblins
  7 rats
50 creatures vanquished.

Vanquished Creatures (collateral kills)
  A gnoll sergeant (D:4)
  An orc wizard (D:4)
  3 gnolls
  A dart slug (D:1)
  8 orcs
  3 bats
  2 endoplasms (D:1)
  2 hobgoblins
  2 jackals (D:3)
  5 kobolds
  A quokka (D:1)
  4 ball pythons
  3 goblins
  2 rats
38 creatures vanquished.

Grand Total: 88 creatures vanquished

Notes
Turn   | Place    | Note
-------+----------+-------------------------------------------
     0 | D:1      | trckry the Tengu Summoner began the quest for the Orb.
     0 | D:1      | Reached XP level 1. HP: 10/10 MP: 4/4
   700 | D:1      | Reached XP level 2. HP: 15/15 MP: 3/6
   739 | D:1      | Learned a level 2 spell: Call Imp
   754 | D:1      | Reached skill level 5 in Summonings
   827 | D:1      | Found a faded altar of an unknown god.
   842 | D:1      | Prayed at the altar of an unknown god.
   842 | D:1      | Became a worshipper of Kikubaaqudgha
   842 | D:1      | Reached * piety under Kikubaaqudgha
   842 | D:1      | Received a gift from Kikubaaqudgha
  1340 | D:1      | Reached XP level 3. HP: 9/19 MP: 7/7
  1603 | D:1      | Learned a level 3 spell: Call Canine Familiar
  1685 | D:2      | Found the +7 staff of the Meek {protect, meekguard}
  1734 | D:2      | Noticed Jessica
  1748 | D:2      | Killed Jessica
  1981 | D:2      | Reached XP level 4. HP: 24/24 MP: 7/9
  2071 | D:2      | Reached skill level 6 in Summonings
  2748 | D:3      | Reached ** piety under Kikubaaqudgha
  2910 | D:3      | Gained mutation: Your magical nature lets you fly swiftly
                  | and evasively. [Tengu growth]
  2910 | D:3      | Reached XP level 5. HP: 27/28 MP: 10/10
  3924 | D:4      | Reached *** piety under Kikubaaqudgha
  3924 | D:4      | Received a gift from Kikubaaqudgha
  3925 | D:4      | Reached skill level 7 in Summonings
  4041 | D:4      | Reached XP level 6. HP: 32/32 MP: 12/12
  4043 | D:4      | Found Xahof's Antique Weapon Shoppe.
  4141 | D:4      | Found an ancient bone altar of Kikubaaqudgha.
  4166 | D:4      | Reached skill level 1 in Necromancy
  4340 | D:4      | Killed from afar by an orc priest

Illustrated notes

Levels and vault maps discovered:
D:1:      minmay_arrival_jagged, layout_loops_ring,
          shapermc_ecumenical_altar_totnotflames, serial_rivers,
          chequers_serial_rivers_marsh, chequers_serial_rivers_micro_e,
          chequers_serial_rivers_micro_b, chequers_serial_rivers_small_3
D:2:      layout_basic, nrook_campfire, minmay_strange_pillars, grunt_decor_cap,
          chequers_serial_rivers_room_a, uniq_jessica
D:3:      layout_rooms, serial_co_window_serial, co_window_corner_a,
          co_window_paths_a, co_window_paths_b, co_window_paths_a,
          co_window_of_opportunity_a, co_window_corner_a, co_window_corner_b,
          co_window_broadway_b, co_window_paths_c, co_window_corner_cb,
          co_window_cross_3, co_window_corner_b
D:4:      layout_gridville, kiku_gazebo_pond_becter, serial_shops,
          nicolae_shop_advertising_works [nicolae_subvault_shop_adworks]

Skill      XL: |  1  2  3  4  5  6 |
---------------+-------------------+-----
Summonings     | 5 6 7 |  7.7
Spellcasting   | 3 |  3.7
Necromancy     | 1 |  1.8
Dodging        | |  2.4
Stealth        | |  2.2

Action                   |  1- 3 |  4- 6 || total
-------------------------+-------+-------++-------
Melee: Long sword        |     9 |       ||     9
       Kick              |     2 |    15 ||    17
       Peck              |     1 |    12 ||    13
       Quarterstaff      |     7 |    86 ||    93
 Cast: Summon Small Mamm |    24 |       ||    24
       Call Imp          |    13 |     2 ||    15
       Call Canine Famil |     1 |    10 ||    11
 Stab: Sleeping          |     1 |     2 ||     3
Armor: Robe              |    10 |    23 ||    33
Dodge: Dodged            |    27 |    67 ||    94

Table legend: (Time is in decaauts)
 A = Elapsed time spent in this place.
 B = Non-inter-level travel time spent in this place.
 C = Inter-level travel time spent in this place.
 D = Time resting spent in this place.
 E = Time spent auto-exploring this place.
 F = Levels seen in this place.
 G = Mean time per level.
                   A        B        C        D        E       F      G
               +--------+--------+--------+--------+--------+-----+--------+
         Total |   4277 |   4162 |    115 |      0 |   3270 |   4 | 1069.2 |
       Dungeon |   4277 |   4162 |    115 |      0 |   3270 |   4 | 1069.2 |
               +--------+--------+--------+--------+--------+-----+--------+

Top non-repeatable levels by time:
     D:1: 1641 daAuts
     D:3: 1110 daAuts
     D:2: 1049 daAuts
     D:4: 475 daAuts
